 Dungeon Crawl Stone Soup version 0.20.1-1-g8b1a95d (webtiles) character file.

449 manon the Conjurer (level 7, -10/36 HPs)
             Began as a Gargoyle Wizard on Aug 10, 2017.
             Was an Initiate of Vehumet.
             Mangled by Duvessa
             ... wielding a cursed -2 rapier
              (14 damage)
             ... on level 5 of the Dungeon on Aug 11, 2017.
             The game lasted 00:44:27 (5998 turns).

manon the Conjurer (Gargoyle Wizard)                Turns: 5998, Time: 00:44:29

Health: -10/36     AC: 11    Str: 12    XL:     7   Next: 4%
Magic:  11/11      EV: 11    Int: 21    God:    Vehumet [......]
Gold:   231        SH:  0    Dex:  8    Spells: 5/12 levels left

rFire    + . .     SeeInvis .   b - +0 hunting sling
rCold    x . .     Gourm    .   (no shield)
rNeg     + . .     Faith    .   q - +0 leather armour
rPois    ∞         Spirit   .   g - +0 helmet
rElec    +         Reflect  .   (no cloak)
rCorr    .         Harm     .   r - +0 pair of gloves
MR       .....                  (no boots)
Stlth    +.........             (no amulet)
Regen    0.2/turn               (no ring)
MPRegen  0.2/turn               D - ring of fire

@: flying
A: big wings, thin metallic scales 1, negative energy resistance 1, electricity
resistance, strong 1, unbreathing, petrification resistance, rot immunity, AC +4
a: Stop Flying, Renounce Religion


You were on level 5 of the Dungeon.
You worshipped Vehumet.
Vehumet was noncommittal.
You were not hungry.

You visited 2 branches of the dungeon, and saw 6 of its levels.

You collected 231 gold pieces.

Inventory:

Hand Weapons
 a - a +0 mace of protection
 b - a +0 hunting sling (weapon)
 e - a +0 flail
 A - a +3 vampiric whip
Missiles
 w - 108 stones (quivered)
Armour
 g - a +0 helmet (worn)
 q - a +0 leather armour (worn)
 r - a +0 pair of gloves (worn)
 t - a +0 shield
 H - a +1 hat
Jewellery
 D - a ring of fire (right hand)
Scrolls
 j - a scroll of amnesia {unknown}
 k - 3 scrolls of magic mapping
 m - a scroll of remove curse
 x - a scroll of enchant weapon {unknown}
 y - a scroll of immolation
 G - a scroll of random uselessness {unknown}
Potions
 f - 2 potions of agility
 p - a potion of flight {unknown}
 v - a potion of magic {unknown}
 z - a potion of curing {unknown}
Books
 c - a book of Minor Magic

   Spells                             Type                      Level
   a - Magic Dart                     Conjuration                  1
   b - Blink                          Translocation                2
   c - Call Imp                       Summoning                    2
   d - Slow                           Hexes                        2
   e - Conjure Flame                  Conjuration/Fire             3
   f - Mephitic Cloud                 Conjuration/Poison/Air       3
Comestibles
 d - 3 bread rations


   Skills:
 + Level 2.6 Maces & Flails
 - Level 1.5 Dodging
 - Level 2.1 Stealth
 - Level 3.0 Spellcasting
 + Level 7.0 Conjurations
   Level 0.8 Summonings
   Level 0.8 Translocations
 + Level 0.4 Fire Magic


You had 5 spell levels left.
You knew the following spells:

 Your Spells              Type           Power        Failure   Level  Hunger
a - Magic Dart            Conj           ####         1%          1    None
c - Mephitic Cloud        Conj/Pois/Air  ##......     19%         3    ###....
f - Conjure Flame         Conj/Fire      ####....     11%         3    ###....


Dungeon Overview and Level Annotations

Branches:
Dungeon (5/15)             Temple (1/1) D:4

Altars:
Ashenzari
Cheibriados
Dithmenos
Elyvilon
Fedhas
Gozag
Hepliaklqana
Kikubaaqudgha
Makhleb
Nemelex Xobeh
Okawaru
Qazlal
Ru
Sif Muna
Trog
Uskayaw
Vehumet
Xom
Yredelemnul
Zin
The Shining One

Annotations:
D:3 1 runed door
D:5 Dowan, Duvessa, Ijyb


Innate Abilities, Weirdness & Mutations

You are resistant to torment.
Your stone body is resilient. (AC +4)
You are immune to poison.
You resist negative energy. (rN+)
You are resistant to electric shocks. (rElec)
You can survive without breathing.
You are immune to petrification.
You are immune to rotting.
Your large and strong wings let you fly indefinitely.
You are partially covered in thin metallic scales. (AC +2)
Your muscles are strong. (Str +2)


Message History

Your magical contamination has completely faded away.
Duvessa hits you with a rapier! Duvessa closely misses you.
Dowan gestures wildly while chanting.
Dowan blinks!
Duvessa hits you with a rapier! Duvessa hits you but does no damage.
Duvessa gestures with her weapon.
Duvessa hits you with a rapier.
Duvessa gestures with her weapon.
Duvessa gestures with her weapon.
Duvessa hits you with a rapier. Duvessa hits you with a rapier.
* * * LOW HITPOINT WARNING * * *
As you read the scroll labeled WANWUI IP LUQI, it crumbles to dust.
The scroll dissolves into smoke.
It was a scroll of fog.
Duvessa hits you with a rapier.
* * * LOW HITPOINT WARNING * * *
Duvessa hits you with a rapier!
You die...

#.....'.#. ......#.#
#.....#.#############§#
#.....#.##............#
#.....#.##...#######..#
###.###.#..........#..####
#.# #.#..##..###.#.....#
#.# #.#.§§.......#.###.#
#.# #.#.§§########.#<#.#
#.# #...§§@ea§...#.#.#.#
#.#####.#######.##.#.#.#
#.#.............##.#...#
#.#.###.###........##..####
#.#. #.# #.#########......
#.#.###.# #.# #.###.#
#.#.....# #†# #.# #.#
#)####### #.# #.# #.# #)#
#.# #.# #.#


You could see Duvessa and a worker ant.

Vanquished Creatures
  2 phantoms
  A bullfrog zombie (D:5)
  A hound (D:4)
  An orc priest (D:4)
  An orc wizard (D:5)
  A worker ant (D:4)
  4 adders
  2 worms
  3 dart slugs (D:1)
  5 leopard geckos
  6 orcs
  3 giant cockroaches
  6 goblins
  6 hobgoblins
  8 jackals
  5 quokkas
  2 ball pythons
  7 bats
  6 frilled lizards
  A jackal skeleton (D:4)
  9 kobolds
  5 rats
85 creatures vanquished.

Notes
Turn   | Place    | Note
-------+----------+-------------------------------------------
     0 | D:1      | manon the Gargoyle Wizard began the quest for the Orb.
     0 | D:1      | Reached XP level 1. HP: 10/10 MP: 4/4
   312 | D:1      | Reached skill level 2 in Conjurations
   690 | D:1      | Reached XP level 2. HP: 11/15 MP: 0/6
  1550 | D:1      | Reached skill level 3 in Conjurations
  1550 | D:1      | Reached XP level 3. HP: 18/19 MP: 3/7
  1824 | D:2      | Gained mutation: Your large and strong wings let you fly indefinitely. [potion of mutation]
  1824 | D:2      | Gained mutation: You are partially covered in thin metallic scales. (AC +2) [potion of mutation]
  1824 | D:2      | Gained mutation: Your muscles are strong. (Str +2) [potion of mutation]
  2244 | D:2      | Learned a level 3 spell: Conjure Flame
  2248 | D:2      | Learned a level 3 spell: Mephitic Cloud
  2334 | D:2      | Reached skill level 4 in Conjurations
  2334 | D:2      | Reached XP level 4. HP: 24/24 MP: 5/8
  3296 | D:3      | Found a runed door.
  3453 | D:4      | Found a staircase to the Ecumenical Temple.
  3458 | Temple   | Entered the Ecumenical Temple
  3499 | Temple   | Became a worshipper of Vehumet
  3554 | D:4      | Reached skill level 5 in Conjurations
  3554 | D:4      | Reached XP level 5. HP: 18/28 MP: 2/9
  3830 | D:4      | Noticed a phantom
  3876 | D:5      | Entered Level 5 of the Dungeon
  3940 | D:5      | Noticed a phantom
  4243 | D:4      | Killed a phantom
  4243 | D:4      | Reached skill level 6 in Conjurations
  4243 | D:4      | Reached XP level 6. HP: 9/32 MP: 0/10
  4540 | D:4      | Reached skill level 1 in Maces & Flails
  4899 | D:4      | Found a white marble altar of Elyvilon.
  5116 | D:5      | Noticed Ijyb
  5244 | D:5      | Noticed Dowan
  5358 | D:5      | Killed a phantom
  5761 | D:5      | Reached skill level 7 in Conjurations
  5761 | D:5      | Reached XP level 7. HP: 29/36 MP: 4/11
  5884 | D:5      | Noticed Duvessa
  5998 | D:5      | Mangled by Duvessa

Skill      XL: |  1  2  3  4  5  6 |
---------------+-------------------+-----
Conjurations   | 2 3 4 5 6 7 |  7.0
Maces & Flails | 2 |  2.6
Dodging        | |  1.5
Stealth        | |  2.1
Spellcasting   | |  3.0
Summonings     | |  0.8
Translocations | |  0.8
Fire Magic     | |  0.4

Action                   |  1- 3 |  4- 6 |  7- 9 || total
-------------------------+-------+-------+-------++-------
Melee: Club              |    33 |       |       ||    33
       Mace              |       |    15 |     1 ||    16
 Fire: Hunting sling     |       |   120 |     5 ||   125
Throw: Stone             |       |     5 |       ||     5
 Cast: Magic Dart        |    83 |   113 |     4 ||   200
       Conjure Flame     |       |     8 |     1 ||     9
       Mephitic Cloud    |       |     1 |       ||     1
 Abil: Fly               |     1 |       |       ||     1
  Use: Scroll            |     3 |     5 |     1 ||     9
       Potion            |     1 |     1 |       ||     2
  Eat: Chunk             |     4 |     7 |       ||    11
       Fruit             |       |     1 |       ||     1
       Meat ration       |       |     1 |       ||     1
       Royal jelly       |       |     1 |       ||     1
Armor: Robe              |    30 |       |       ||    30
       Leather armour    |       |    60 |     7 ||    67
Dodge: Dodged            |    53 |    75 |     5 ||   133
